 Seeded DCSS version 0.29-a0-338-g1ff7896281 (webtiles) character file.

Game seed: 8323935436952221711 (custom seed)

1331 zeratav the Insei (level 8, -13/54 HPs)
             Began as an Octopode Transmuter on Apr 18, 2022.
             Mangled by an ogre
             ... wielding a +0 giant spiked club
              (29 damage)
             ... on level 5 of the Dungeon.
             The game lasted 00:06:53 (4905 turns).

zeratav the Insei (Octopode Transmuter)             Turns: 4905, Time: 00:06:53

Health: -13/54     AC:  9    Str: 10    XL:     8   Next: 60%
Magic:  11/11      EV: 14    Int: 15    God:
Gold:   393        SH:  5    Dex: 14    Spells: 7/11 levels left

rFire   . . .      SeeInvis .   f - +3 short sword {short}
rCold   . . .      Faith    .   s - +0 buckler
rNeg    . . .      Spirit   .   (helmet restricted)
rPois   .          Reflect  .   (no amulet)
rElec   .          Harm     .   c - +4 ring of protection
rCorr   .          Rampage  .   n - +4 ring of slaying
Will    .....                   r - +4 ring of protection
Stlth   ++++......              (no ring)
HPRegen 0.18/turn               (no ring)
MPRegen 0.12/turn               (no ring)
                                (no ring)
                                (no ring)

@: no status effects
A: almost no armour, amphibious, 8 rings, camouflage 1, gelatinous body 1,
(nimble swimmer 1), tentacles
a: no special abilities


You were on level 5 of the Dungeon.
You visited 1 branch of the dungeon, and saw 5 of its levels.

You collected 393 gold pieces.


Innate Abilities, Weirdness & Mutations

You cannot wear most types of armour.
You are amphibious.
You can wear up to eight rings at the same time.
Your skin changes colour to match your surroundings (Stealth+).
Your rubbery body absorbs attacks. (AC +1, EV +1)
((You are camouflaged when in or above water. (Stealth+)))
You have tentacles for arms and can constrict up to eight enemies at once.


   Skills:
 + Level 4.1 Fighting
 + Level 4.4 Dodging
 - Level 5.0 Stealth
 + Level 3.2 Shields
 * Level 6.7 Unarmed Combat
 - Level 2.0 Spellcasting
 + Level 2.6 Transmutations
 + Level 1.6 Ice Magic


You had 7 spell levels left.
You knew the following spells:

 Your Spells              Type           Power      Damage    Failure   Level
a - Beastly Appendage     Tmut           18%        N/A       10%         1
b - Spider Form           Tmut/Pois      5%         N/A       45%         3

Your spell library contained the following spells:

 Spells                   Type           Power      Damage    Failure   Level
 Wereblood                Tmut           9%         N/A       14%         2
 Passwall                 Tmut/Erth      4%         N/A       26%         2
 Apportation              Tloc           2%         N/A       28%         1
 Sandblast                Erth           2%         2d4       28%         1
 Shock                    Conj/Air       4%         1d3       28%         1
 Stone Arrow              Conj/Erth      2%         3d7       65%         3
 Swiftness                Air            1%         N/A       65%         3
 Ice Form                 Ice/Tmut       7%         N/A       77%         4
 Airstrike                Air            0%         N/A       96%         4
 Alistair's Intoxication  Tmut/Pois      3%         N/A       99%         5

Inventory:

Hand Weapons
 f - a +3 short sword (weapon) {short}
   (You found it on level 1 of the Dungeon)
 u - a +1 whip of venom {mace}
   (You took it off an orc on level 3 of the Dungeon)
Armour
 o - a +0 tower shield
   (You found it on level 2 of the Dungeon)
 s - a +0 buckler (worn)
   (You found it on level 3 of the Dungeon)
Jewellery
 c - a +4 ring of protection (left tentacle)
   (You found it on level 1 of the Dungeon)
 n - a +4 ring of slaying (right tentacle)
   (You found it on level 2 of the Dungeon)
 r - a +4 ring of protection (on tentacle)
   (You took it off a hobgoblin on level 3 of the Dungeon)
 w - an amulet of faith {!P}
   (You found it on level 3 of the Dungeon)
Scrolls
 b - a scroll of immolation {unknown}
 d - a scroll of amnesia {unknown}
 e - 2 scrolls of teleportation {unknown}
 k - 7 scrolls of identify {unknown}
 l - 2 scrolls of fog {unknown}
 p - 3 scrolls of enchant armour {unknown}
 q - 2 scrolls of fear {unknown}
 t - a scroll of summoning {unknown}
 x - a scroll of holy word {unknown}
 y - a scroll of enchant weapon {unknown}
Potions
 a - 4 potions of lignification {!q}
 g - a potion of magic {unknown}
 h - a potion of flight {unknown}
 i - 4 potions of degeneration {unknown}
 j - 2 potions of heal wounds {unknown}
 m - 2 potions of curing {unknown}
 v - 2 potions of might {unknown}

Dungeon Overview and Level Annotations

Branches:
Dungeon (5/15)
 Temple: D:4-7

Altars:

###.#####.###.#.######
#.......# #.#...#
######### #†###.#
#.......###...#.#
#.#####.......#.#
####.#############.###
......#....#...#..^..#
......#.##.#<..#.#####
......#.##.##.##@#
........##.†..##O#
.......#########S#
####...# #)# #...# #.#
#...# #.# #.... ..#
#...# .## #...# .


You could see an ogre and an adder.


Message History

The puff of flame hits you.
HP[-5]
You take 5 damage, and now have 49/54 hp.
You puncture the orc wizard!
You kill the orc wizard!
The orc priest invokes the aid of Beogh against you.
Pain shoots through your body! The orc priest barely misses you.
Things that are here:
a +0 dagger {short}; a +0 robe; HP[-7]
You take 7 damage, and now have 42/54 hp.
You hit the orc priest. Your grab misses the orc priest.
The orc priest closely misses you.
The orc priest hits you with a +0 flail.
HP[-4]
You take 4 damage, and now have 38/54 hp.
You are too injured to fight recklessly!
You are too injured to fight recklessly!
You are too injured to fight recklessly!
You are too injured to fight recklessly!
You are too injured to fight recklessly!
You are too injured to fight recklessly!
You are too injured to fight recklessly!
You are too injured to fight recklessly!
You are too injured to fight recklessly!
You are too injured to fight recklessly!
You are too injured to fight recklessly!
You are too injured to fight recklessly!
You are too injured to fight recklessly!
You are too injured to fight recklessly!
You are too injured to fight recklessly!
You are too injured to fight recklessly!
You are too injured to fight recklessly!
You are too injured to fight recklessly!
You are too injured to fight recklessly!
You are too injured to fight recklessly!
You are too injured to fight recklessly!
You barely miss the orc priest. You grab the orc priest.
You constrict the orc priest. The orc priest misses you.
An ogre comes into view. It is wielding a +0 giant spiked club.
The ogre shouts!
You hit the orc priest. You squeeze the orc priest.
You constrict the orc priest.
An adder comes into view.
The orc priest calls down the wrath of Beogh upon you.
Beogh smites you!
* * * LOW HITPOINT WARNING * * *
HP[-12]
You take 12 damage, and now have 26/54 hp.
MASSIVE DAMAGE!! (PAUSE)
You hit the orc priest but do no damage.
You squeeze the orc priest.
You kill the orc priest!
You hit something. Something hits you.
* * * LOW HITPOINT WARNING * * *
HP[-3]
You take 3 damage, and now have 23/54 hp.
You miss something. Something hits you but does no damage.
HP[+1]
You closely miss something. Something hits you.
* * * LOW HITPOINT WARNING * * *
HP[-1]
You take 1 damage, and now have 23/54 hp.
You hit something. Something hits you but does no damage.
You hit something.
You hear some strange, mumbled words.
A magic dart appears from out of thin air!
The magic dart hits you.
* * * LOW HITPOINT WARNING * * *
HP[-5]
You take 5 damage, and now have 18/54 hp.
You barely miss something. Something hits you but does no damage.
Something hits you.
* * * LOW HITPOINT WARNING * * *
HP[-1]
You take 1 damage, and now have 17/54 hp.
You miss something.
Your tentacle-slap misses something.
Your squeeze misses something.
You hear some strange, mumbled words.
A puff of flame appears from out of thin air!
You block the puff of flame.
You puncture something!
Reactivating autopickup.
You feel a bit more experienced. The hound bites you but does no damage.
HP[+1]
You hit the hound. You grab the hound.
Your tentacle-slap misses the hound.
You constrict the hound.
The hound bites you but does no damage. x2
You hit the hound. You constrict the hound. The hound misses you.
You puncture the hound!
You kill the hound!
HP[+1]
The ogre attacks as you move away!
The ogre hits you with a +0 giant spiked club.
* * * LOW HITPOINT WARNING * * *
HP[-3]
You take 3 damage, and now have 16/54 hp.
The ogre attacks as you move away!
The ogre hits you with a +0 giant spiked club!!
Ouch! That really hurt!
You die...

Skill      XL: |  1  2  3  4  5  6  7  8 |
---------------+-------------------------+-----
Stealth        | 1 2 3 4 5 |  5.0
Fighting       | 2 3 4 |  4.1
Unarmed Combat | 4 5 6 |  6.7
Dodging        | 3 4 |  4.4
Shields        | 1 2 3 |  3.2
Ice Magic      | 1 |  1.6
Spellcasting   | |  2.0
Transmutations | |  2.6

Action                   |  1- 3 |  4- 6 |  7- 9 || total
-------------------------+-------+-------+-------++-------
Melee: Unarmed           |    35 |       |     6 ||    41
       Tentacles         |    13 |    22 |    27 ||    62
       Constrict         |    16 |    22 |    31 ||    69
       Kick              |     1 |       |     4 ||     5
       Short sword       |    29 |    80 |   131 ||   240
       Punch             |       |     1 |     5 ||     6
 Cast: Beastly Appendage |     1 |       |     1 ||     2
       Spider Form       |       |       |     1 ||     1
 Stab: Sleeping          |    11 |     6 |     8 ||    25
       Distracted        |       |       |     1 ||     1
Armor: Skin              |    12 |    20 |    51 ||    83
Dodge: Dodged            |    22 |    60 |   112 ||   194
Block: Buckler           |       |       |     6 ||     6

Levels and vault maps discovered:
D:1:      dpeg_arrival_simpleton_b, layout_basic, kennysheep_decorative_pillar,
          minmay_unequal
D:2:      layout_basic, ebering_ecumenical_altar_abandoned,
          dreamdust_wishing_well, minmay_quadrilaterals
D:3:      lemuel_castle_with_subvaults [lemuel_castle_interior_carwin_3],
          layout_rooms, kennysheep_path_1
D:4:      kennysheep_spiral_hall, layout_basic, minmay_fractal_squares_5
D:5:      layout_basic

Notes
Turn   | Place    | Note
-------+----------+-------------------------------------------
     0 | D:1      | zeratav the Octopode Transmuter began the quest for the
                  | Orb.
     0 | D:1      | Reached XP level 1. HP: 13/13 MP: 3/3
     0 | D:1      | magus.rc [v1.9.6]
   189 | D:1      | Reached XP level 2. HP: 13/18 MP: 5/5
   370 | D:1      | Reached skill level 1 in Stealth
   807 | D:1      | Reached XP level 3. HP: 23/23 MP: 6/6
  1488 | D:2      | Reached skill level 2 in Stealth
  1558 | D:2      | Found a faded altar of an unknown god.
  1563 | D:2      | Reached XP level 4. HP: 27/29 MP: 7/7
  1590 | D:2      | You pick up a book of Air and begin reading...
  1590 | D:2      | You add the spells Shock, Swiftness and Airstrike to your
                  | library.
  1811 | D:2      | Reached skill level 2 in Fighting
  1811 | D:2      | Reached skill level 4 in Unarmed Combat
  2292 | D:3      | Noticed an ogre
  2297 | D:3      | Learned a level 3 spell: Spider Form
  2304 | D:3      | Killed an ogre
  2305 | D:3      | Reached skill level 3 in Stealth
  2305 | D:3      | Reached XP level 5. HP: 26/35 MP: 4/8
  2508 | D:3      | Reached skill level 3 in Dodging
  2514 | D:3      | Reached skill level 1 in Shields
  2679 | D:3      | Reached XP level 6. HP: 41/41 MP: 9/9
  2788 | D:3      | HP: 7/41 [orc/+0 trident (5)]
  3038 | D:3      | Reached skill level 5 in Unarmed Combat
  3062 | D:3      | Reached skill level 3 in Fighting
  3062 | D:3      | Reached XP level 7. HP: 41/46 MP: 10/10
  3166 | D:3      | Reached skill level 4 in Stealth
  3269 | D:3      | Reached skill level 2 in Shields
  3551 | D:3      | You pick up a book of Party Tricks and begin reading...
  3551 | D:3      | You add the spells Apportation and Alistair's Intoxication
                  | to your library.
  3890 | D:4      | Reached skill level 4 in Dodging
  3890 | D:4      | Reached skill level 6 in Unarmed Combat
  3890 | D:4      | Reached XP level 8. HP: 27/54 MP: 11/11
  4317 | D:4      | You pick up a book of Geomancy and begin reading...
  4317 | D:4      | You add the spells Sandblast, Passwall and Stone Arrow to
                  | your library.
  4599 | D:5      | Entered Level 5 of the Dungeon
  4604 | D:5      | Reached skill level 5 in Stealth
  4668 | D:5      | Noticed a shadow
  4677 | D:5      | Killed a shadow
  4678 | D:5      | Reached skill level 3 in Shields
  4678 | D:5      | Reached skill level 1 in Ice Magic
  4698 | D:5      | Reached skill level 4 in Fighting
  4905 | D:5      | Mangled by an ogre

Vanquished Creatures
  A shadow (D:5)
  A black bear (D:5)
  3 ogres
  A necrophage (D:4)
  A scorpion (D:5)
  3 howler monkeys
  A hound (D:5)
  A jelly (D:5)
  An orc priest (D:5)
  A gnoll shaman (D:3)
  An iguana (D:2)
  3 orc wizards
  21 gnolls
  3 adders
  A worm (D:5)
  3 dart slugs
  27 orcs
  9 ball pythons
  11 endoplasms
  5 giant cockroaches
  5 goblins
  10 hobgoblins
  12 jackals (D:3)
  10 kobolds
  5 quokkas
  3 bats
  6 frilled lizards
  4 rats
153 creatures vanquished.

Table legend:
 A = Non-vault XP
 B = Vault XP
 C = Vault XP percentage of total XP
 D = Non-vault monster count
 E = Vault monster count
 F = Vault count percentage of total count
                 A         B        C        D         E       F
            +---------+---------+-------+---------+---------+-------
      Total |    1066 |     836 |  44.0 |      83 |      70 |  45.8
            +---------+---------+-------+---------+---------+-------
        D:1 |      44 |       4 |   8.3 |      22 |       3 |  12.0
        D:2 |      40 |      41 |  50.6 |      17 |       4 |  19.0
        D:3 |     148 |     588 |  79.9 |      17 |      52 |  75.4
        D:4 |     203 |     203 |  50.0 |      18 |      11 |  37.9
        D:5 |     631 |       0 |   0.0 |       9 |       0 |   0.0
            +---------+---------+-------+---------+---------+-------

Illustrated notes

Table legend:
 A = Kills in this place as a percentage of kills in entire the game.
 B = Kills by you in this place as a percentage of kills by you in the entire game.
 C = Kills by friends in this place as a percentage of kills by friends in the entire game.
 D = Other kills in this place as a percentage of other kills in the entire game.
 E = Experience gained in this place as a percentage of experience gained in the entire game.
 F = Experience gained in this place divided by the number of levels of this place that you have seen.
                   A       B       C       D       E      F
               +-------+-------+-------+-------+-------+----------------------
         Total | 100.0 | 100.0 |   N/A |   N/A | 100.0 | 380.4
       Dungeon | 100.0 | 100.0 |   N/A |   N/A | 100.0 | 380.4
               +-------+-------+-------+-------+-------+----------------------

Table legend: (Time is in decaauts)
 A = Elapsed time spent in this place.
 B = Non-inter-level travel time spent in this place.
 C = Inter-level travel time spent in this place.
 D = Time resting spent in this place.
 E = Time spent auto-exploring this place.
 F = Levels seen in this place.
 G = Mean time per level.
                   A        B        C        D        E       F      G
               +--------+--------+--------+--------+--------+-----+--------+
         Total |   4923 |   4749 |    174 |    797 |   3063 |   5 |  984.6 |
       Dungeon |   4923 |   4749 |    174 |    797 |   3063 |   5 |  984.6 |
               +--------+--------+--------+--------+--------+-----+--------+

Top non-repeatable levels by time:
     D:3: 1518 daAuts
     D:1: 1144 daAuts
     D:2: 1037 daAuts
     D:4: 914 daAuts
     D:5: 308 daAuts
